 Dungeon Crawl Stone Soup version 0.24-a0-165-g1b465fe (webtiles) character file.

Game seed: 6506218277828221227

138 Dfrag the Firebug (level 5, 22/35 HPs)
             Began as a Demonspawn Fire Elementalist on Mar 6, 2019.
             Quit the game on level 3 of the Dungeon.
             The game lasted 00:02:53 (1893 turns).

Dfrag the Firebug (Demonspawn Fire Elementalist)    Turns: 1893, Time: 00:02:53

Health: 22/35      AC:  4    Str:  9    XL:     5   Next: 1%
Magic:  0/9        EV: 12    Int: 17    God:
Gold:   129        SH:  0    Dex: 13    Spells: 9/10 levels left

rFire    + . .     SeeInvis .   t - +1 short sword (venom)
rCold    . . .     Gourm    .   (no shield)
rNeg     . . .     Faith    .   a - +0 robe
rPois    .         Spirit   .   (no helmet)
rElec    .         Reflect  .   (no cloak)
rCorr    .         Harm     .   (no gloves)
MR       .....                  (no boots)
Stlth    ++........             (no amulet)
HPRegen  0.11/turn              i - ring of protection from fire
MPRegen  0.11/turn              (no ring)

@: very slightly contaminated
A: yellow scales 1, demonic guardian 1
a: no special abilities


You were on level 3 of the Dungeon.
You were not hungry.

You visited 1 branch of the dungeon, and saw 3 of its levels.

You collected 129 gold pieces.

Inventory:

Hand Weapons
 k - a +0 dagger
 t - a +1 short sword of venom (weapon)
Armour
 a - a +0 robe (worn)
Jewellery
 i - a ring of protection from fire (left hand)
Scrolls
 b - 3 scrolls of remove curse {unknown}
 e - a scroll of enchant armour {unknown}
 g - a scroll of fear {unknown}
 h - a scroll of identify {unknown}
 q - a scroll of enchant weapon {unknown}
 r - a scroll of random uselessness {unknown}
 s - a scroll of teleportation {unknown}
Potions
 d - 3 potions of curing {unknown}
 f - a potion of invisibility {unknown}
 j - 3 potions of heal wounds {unknown}
 l - 2 potions of brilliance {unknown}
 m - a potion of lignification {unknown}
 n - a potion of agility {unknown}
 o - a potion of flight {unknown}
Comestibles
 c - 11 rations
 p - a chunk of flesh


   Skills:
 - Level 1.7 Dodging
 - Level 1.7 Stealth
 + Level 3.2 Spellcasting
 + Level 2.8 Conjurations
 + Level 3.7 Fire Magic


You had 9 spell levels left.
You knew the following spells:

 Your Spells              Type           Power        Failure   Level  Hunger
a - Flame Tongue          Conj/Fire      ##...        4%          1    None

Your spell library contained the following spells:

 Spells                   Type           Power        Failure   Level  Hunger
 Throw Flame              Conj/Fire      ##....       7%          2    ##.....
 Conjure Flame            Conj/Fire      ##......     14%         3    ###....
 Inner Flame              Hex/Fire       #.......     24%         3    ###....
 Sticky Flame             Conj/Fire      ##......     41%         4    ####...
 Fireball                 Conj/Fire      ##........   77%         5    ######.


Dungeon Overview and Level Annotations

Branches:
Dungeon (3/15)

Altars:
Hepliaklqana
Kikubaaqudgha
Ru

Annotations:
D:2 2 transporters


Innate Abilities, Weirdness & Mutations

You are partially covered in yellow scales. (AC +2)
A weak demonic guardian rushes to your aid.


Message History

The flame tongue hits the worm!
The worm is heavily wounded.
Casting: Flame Tongue (safe; 4% risk of failure)
Confirm with . or Enter, or press ? or * to list all spells.
Aiming: Flame Tongue (safe; 4% risk of failure)
Press: ? - help, Shift-Dir - straight line, f/p - worm
Aim: a worm (heavily wounded)
The flame tongue hits the worm!
The worm is almost dead.
Casting: Flame Tongue (safe; 4% risk of failure)
Confirm with . or Enter, or press ? or * to list all spells.
Aiming: Flame Tongue (safe; 4% risk of failure)
Press: ? - help, Shift-Dir - straight line, f/p - worm
Aim: a worm (almost dead)
The flame tongue hits the worm!
You kill the worm!
You have reached level 5!
Your demonic ancestry asserts itself...
You feel the presence of a demonic guardian.
Are you sure you want to abandon this character and quit the game? (Confirm with "yes".)

..)..)...# ######...##
##. # #....# #..
#####.#..####..
#.....<...##...##
#.#.[.....##..).##
#.#.#....## #..).#
#.#.#....####....#
#.#.##..##..##†@.#
##.#.....##..##...######
...####.##....##........
##.# #.##....##..######
##.# #.#......#..# †..#
#.#..##..#..# ##.#
#...#......##
##.########.######
.......# #.#


There were no monsters in sight!

Vanquished Creatures
  An orc wizard (D:3)
  5 adders
  2 dart slugs
  2 worms
  A leopard gecko (D:1)
  5 orcs (D:3)
  7 bats
  3 giant cockroaches
  6 goblins
  5 hobgoblins
  A quokka (D:2)
  4 frilled lizards
  5 kobolds
  7 rats
54 creatures vanquished.

Notes
Turn   | Place    | Note
-------+----------+-------------------------------------------
     0 | D:1      | Dfrag the Demonspawn Fire Elementalist began the quest for
                  | the Orb.
     0 | D:1      | Reached XP level 1. HP: 13/13 MP: 3/3
   308 | D:1      | Gained mutation: You are partially covered in yellow
                  | scales. (AC +2) [demonic ancestry]
   308 | D:1      | Reached XP level 2. HP: 18/19 MP: 1/5
   879 | D:2      | Reached XP level 3. HP: 19/24 MP: 1/6
  1170 | D:2      | Reached XP level 4. HP: 24/30 MP: 1/8
  1239 | D:2      | Found an ancient bone altar of Kikubaaqudgha.
  1286 | D:2      | Noticed an orc warrior
  1290 | D:2      | Found a transporter.
  1296 | D:2      | Found a sacrificial altar of Ru.
  1313 | D:2      | Found a transporter.
  1581 | D:3      | Found a hazy altar of Hepliaklqana.
  1892 | D:3      | Gained mutation: A weak demonic guardian rushes to your
                  | aid. [demonic ancestry]
  1892 | D:3      | Reached XP level 5. HP: 22/35 MP: 0/9
  1893 | D:3      | Quit the game

Levels and vault maps discovered:
D:1:      minmay_arrival_nine_rooms, layout_rooms, serial_forest,
          infiniplex_forest_lined_2, infiniplex_forest_3_way,
          infiniplex_forest_end_double, infiniplex_forest_lined_4_way,
          infiniplex_forest_lined_corner, infiniplex_forest_end_1,
          infiniplex_forest_clump_C
D:2:      layout_basic, lemuel_doored_altar, gammafunk_temple_overflow_arena
D:3:      layout_loops_ring, lemuel_round_altar, minmay_misc_feat_x,
          grunt_ministairs_14, hangedman_decor_points

Skill      XL: |  1  2  3  4 |
---------------+-------------+-----
Fire Magic     | 3 |  3.7
Conjurations   | 2 |  2.8
Spellcasting   | 3 |  3.2
Dodging        | |  1.7
Stealth        | |  1.7

Action                   |  1- 3 |  4- 6 || total
-------------------------+-------+-------++-------
Melee: Unarmed           |    24 |       ||    24
       Dagger            |     5 |     9 ||    14
       Short sword       |       |     2 ||     2
 Cast: Flame Tongue      |    53 |    46 ||    99
 Stab: Sleeping          |     1 |       ||     1
  Eat: Chunk             |     1 |     3 ||     4
Armor: Robe              |    16 |     7 ||    23
Dodge: Dodged            |    40 |    23 ||    63

Table legend:
 A = Non-vault XP
 B = Vault XP
 C = Vault XP percentage of total XP
 D = Non-vault monster count
 E = Vault monster count
 F = Vault count percentage of total count
                 A         B        C        D         E       F
            +---------+---------+-------+---------+---------+-------
      Total |     184 |      14 |   7.1 |      52 |       2 |   3.7
            +---------+---------+-------+---------+---------+-------
        D:1 |      21 |       0 |   0.0 |      11 |       0 |   0.0
        D:2 |      87 |       0 |   0.0 |      23 |       0 |   0.0
        D:3 |      76 |      14 |  15.6 |      18 |       2 |  10.0
            +---------+---------+-------+---------+---------+-------
